 Dungeon Crawl Stone Soup version 0.19-a0-529-g411dd88 (webtiles) character file.

91 TheGoonsmith the Chiller (level 4, -1/30 HPs)
             Began as a Merfolk Ice Elementalist on June 7, 2016.
             Was an Initiate of Okawaru.
             Succumbed to kobold's curare-tipped needle
             ... on level 2 of the Dungeon.
             The game lasted 00:03:52 (2219 turns).

TheGoonsmith the Chiller (Merfolk Ice Elementalist) Turns: 2219, Time: 00:03:53

Health: -1/30      AC:  2    Str:  8    XL:     4   Next: 57%
Magic:  3/7        EV: 18    Int: 15    God:    Okawaru [......]
Gold:   87         SH:  0    Dex: 19    Spells: 1 memorised, 6 levels left

rFire  . . .     SeeInvis .     t - +0 lajatang
rCold  . . .     Gourm    .     a - +0 robe
rNeg   . . .     Faith    .     (shield currently unavailable)
rPois  .         Spirit   .     (no helmet)
rElec  .         Dismiss  .     (no cloak)
rCorr  .         Reflect  .     (no gloves)
SustAt .         Harm     .     (no boots)
MR     .....                    (no amulet)
Stlth  +++.......               (no ring)
                                (no ring)

@: agile, lethally poisoned (-1 -> -16), slowed, very slow, not resistant to
hostile enchantments, fairly stealthy
A: change form in water, swift swim
a: Renounce Religion


You were on level 2 of the Dungeon.
You worshipped Okawaru.
Okawaru was noncommittal.
You were not hungry.

You visited 1 branch of the dungeon, and saw 3 of its levels.

You collected 87 gold pieces.

Inventory:

Hand Weapons
 g - a +0 whip
 o - a +0 spear
 t - a +0 lajatang (weapon)
Armour
 a - a +0 robe (worn)
Wands
 l - a wand of random effects (27/48)
Scrolls
 d - 2 scrolls of fear {unknown}
 i - 3 scrolls of identify {unknown}
 k - a scroll of fog {unknown}
 m - a scroll of enchant weapon {unknown}
 p - a scroll of random uselessness {unknown}
Potions
 e - a potion of agility
 h - a potion of might {unknown}
 r - a potion of heal wounds {unknown}
 s - 2 potions of curing {unknown}
Books
 b - a book of Frost

   Spells                             Type                      Level
   a - Freeze                         Ice                          1
   b - Throw Frost                    Conjuration/Ice              2
   c - Ozocubu's Armour               Charms/Ice                   3
   d - Throw Icicle                   Conjuration/Ice              4
   e - Summon Ice Beast               Ice/Summoning                4
Comestibles
 c - 3 bread rations
 f - a royal jelly
 j - 4 fruits
 n - a meat ration
 q - a chunk of flesh


   Skills:
 - Level 1.9(2.5) Polearms
 + Level 1.2(1.4) Staves
 - Level 2.6 Dodging
 - Level 2.1 Stealth
 - Level 2.0 Spellcasting
   Level 0.7 Conjurations
 - Level 5.0 Ice Magic


You had 6 spell levels left.
You knew the following spells:

 Your Spells              Type           Power        Failure   Level  Hunger
a - Freeze                Ice            ###.         2%          1    #......


Dungeon Overview and Level Annotations

Branches:
Dungeon (3/15)

Altars:
Okawaru


Message History

You hit the jackal.
The jackal is almost dead.
The jackal bites you.
You barely miss the jackal.
The jackal is almost dead.
The jackal barely misses you. The jackal misses you.
You hit the jackal.
You kill the jackal!
Okawaru accepts your kill.
The kobold wields a blowgun.
The kobold shoots a curare-tipped needle.
The curare-tipped needle hits you.
You are lethally poisoned!
You have difficulty breathing.
* * * LOW HITPOINT WARNING * * *
You feel yourself slow down. The jackal barely misses you.
Unknown command.
It was a potion of agility.
You feel agile all of a sudden.
You die...

#.#.# ##...## #.#
##.#.#######.....## #.#
##................#############.#
..............................#.#
.###.............>###########.#.#
.###..####.......## #.#.# .....<#
#..#..K.# #.#.# .####.#
#..####h############.#.# .# #.#
#..####@##.............. ## #.#
#..........####......... #.#
#..####.#### #.####.#.# #.# #..#
#.# #.# #.#.# #.# #..# #.# ##.##
#.#.# #####.####..####.#
####...###.#.#
.................###........>...#
##########...........##...#...###
#.########.####.##.### #


You could see a jackal and a kobold.

Vanquished Creatures
  An orc priest (D:3)
  2 adders (D:2)
  3 worms (D:2)
  A dart slug (D:2)
  2 giant geckos (D:2)
  2 giant cockroaches
  2 goblins
  5 hobgoblins
  A jackal (D:2)
  2 kobolds (D:1)
  A quokka (D:2)
  4 bats
  A giant newt (D:1)
  3 rats
30 creatures vanquished.

Notes
Turn   | Place    | Note
--------------------------------------------------------------
     0 | D:1      | TheGoonsmith the Merfolk Ice Elementalist began the quest for the Orb.
     0 | D:1      | Reached XP level 1. HP: 13/13 MP: 3/3
   453 | D:1      | Reached XP level 2. HP: 19/19 MP: 1/5
   661 | D:1      | Reached skill level 4 in Ice Magic
  1253 | D:2      | Found an iron altar of Okawaru.
  1266 | D:2      | Became a worshipper of Warmaster Okawaru
  1357 | D:2      | Reached XP level 3. HP: 24/24 MP: 2/6
  1774 | D:2      | Reached skill level 5 in Ice Magic
  2048 | D:2      | Reached skill level 1 in Polearms
  2048 | D:2      | Reached XP level 4. HP: 29/30 MP: 3/7
  2206 | D:3      | Reached skill level 1 in Staves
  2218 | D:2      | HP: 1/30 [asphyx]
  2219 | D:2      | Succumbed to kobold's curare-tipped needle

Vault maps used:
D:1:      minmay_arrival_five_plusses
D:2:      okawaru_ov_weapons_minmay
D:3:      grunt_temple_overflow_open, gammafunk_temple_overflow_elements,
          lemuel_crystal_altar

Skill      XL: |  1  2  3  4 |
---------------+-------------+-----
Ice Magic      | 4 5 |  5.0
Polearms       | 1 |  1.9
Staves         | 1 |  1.2
Dodging        | |  2.6
Stealth        | |  2.1
Spellcasting   | |  2.0
Conjurations   | |  0.7

Action                   |  1- 3 |  4- 6 || total
-------------------------+-------+-------++-------
Melee: Whip              |     2 |       ||     2
       Spear             |    19 |     1 ||    20
       Lajatang          |       |     4 ||     4
 Cast: Freeze            |    48 |     6 ||    54
  Use: Potion            |       |     1 ||     1
 Stab: Sleeping          |     4 |       ||     4
  Eat: Chunk             |     4 |     1 ||     5
Armor: Robe              |     4 |     2 ||     6
Dodge: Dodged            |    22 |    15 ||    37
